Map: El Dorado

Players

Edy

  • Race: Protoss Protoss
  • League: Silver
  • Spawn Location: 7:00

iPlayDefense - Winner!

  • Race: Terran Terran
  • League: Silver
  • Spawn Location: 5:00

VOD

Have the link to the VOD?

Description

Time

  • Played on: April 13, 2025, 10:38 p.m.
  • Length: 10:55
Show
View Real Time Build Order
Export as new Build Order

Edy Protoss 

Build Orders: 1 Gate Expand 

Get SALT Encoding   

  12  0:02  Probe  
  13  0:14  Probe  
  14  0:22  Pylon  
  14  0:26  Probe  
  15  0:40  Probe  
  16  0:47  Pylon  
  16  0:48  Gateway  
  16  0:53  Probe  
  17  1:05  Probe  
  18  1:42  Probe  
  18  1:43  Assimilator, Nexus  
  19  1:48  Assimilator  
  19  1:54  Probe  
  19  1:57  Cybernetics Core  
  20  2:07  Probe  
  21  2:10  Zealot  
  23  2:19  Probe  
  23  2:20  Warp Gate  
  24  2:31  Probe  
  25  2:41  Zealot  
  25  2:43  Probe  
  28  2:52  Probe  
  28  2:53  Probe  
  30  3:00  Probe  
  30  3:01  Probe  
  32  3:05  Stalker  
  32  3:09  Probe  
  32  3:10  Probe  
  34  3:15  Pylon  
  36  3:21  Probe  
  36  3:23  Probe  
  38  3:33  Probe  
  39  3:35  Probe  
  40  3:58  Probe x2  
  42  4:05  Assimilator  
  42  4:07  Assimilator  
  42  4:10  Gateway, Probe x2  
  42  4:13  Gateway  
  42  4:14  Gateway  
  42  4:16  Gateway  
  44  4:22  Probe x2  
  46  4:34  Probe x2  
  48  4:46  Probe  
  48  4:47  Probe  
  50  4:58  Probe  
  50  4:59  Probe  
  52  5:00  Pylon  
  52  5:09  Pylon  
  52  5:11  Pylon x2  
  52  5:13  Forge  
  52  5:15  Forge  
  52  5:27  Stalker  
  52  5:28  Stalker x4  
  58  5:35  Protoss Ground Armor Level 1, Protoss Ground Weapons Level 1  
  62  5:51  Nexus  
  62  5:54  Pylon  
  62  5:55  Pylon  
  62  5:56  Assimilator  
  62  5:58  Pylon  
  62  6:01  Assimilator  
  62  6:02  Cybernetics Core  
  62  6:03  Probe x2  
  64  6:09  Stalker  
  66  6:12  Stalker  
  66  6:15  Probe x2  
  66  6:16  Stalker  
  72  6:21  Stalker  
  72  6:25  Stalker  
  76  6:27  Probe  
  76  6:28  Probe  
  78  6:39  Probe  
  79  6:40  Probe  
  79  6:42  Robotics Facility  
  79  6:43  Robotics Facility  
  79  6:45  Robotics Facility  
  80  6:51  Probe  
  81  7:06  Stalker x3  
  81  7:07  Stalker x2  
  91  7:12  Probe x3  
  94  7:24  Probe x2  
  94  7:25  Probe  
  94  7:29  Protoss Shields Level 1  
  97  7:36  Probe x2  
  100  7:37  Probe  
  100  7:48  Probe  
  100  7:50  Observer x2  
  103  8:09  Immortal x2  
  103  8:10  Immortal  
  115  8:39  Twilight Council  
  115  9:02  Observer  
  115  9:04  Robotics Bay  
  115  9:53  Zealot  
  115  9:54  Zealot x4  
  115  9:55  Templar Archives  
  125  10:20  Shield Battery  
  125  10:22  Shield Battery  
  125  10:25  Shield Battery  
  67  10:43  Zealot x5  
Show
View Real Time Build Order
Export as new Build Order

iPlayDefense Terran - Winner!

Build Orders:  

Get SALT Encoding   

  12  0:00  SCV  
  13  0:16  Supply Depot  
  13  0:21  Refinery  
  13  0:26  SCV  
  14  0:38  SCV  
  15  0:45  Barracks  
  15  0:50  SCV  
  16  1:03  Supply Depot  
  16  1:34  Orbital Command, Barracks Reactor  
  16  1:55  Command Center  
  16  2:03  SCV  
  17  2:15  Factory  
  17  2:27  SCV  
  18  2:32  Marine  
  18  2:33  Marine  
  20  2:39  SCV  
  21  2:54  Barracks x2  
  21  2:59  Factory Reactor  
  21  3:06  SCV  
  21  3:07  Marine  
  23  3:18  Supply Depot, SCV  
  24  3:24  Orbital Command  
  24  3:31  SCV  
  25  3:35  Refinery  
  25  3:38  Hellion  
  27  3:43  Hellion  
  27  3:45  Barracks Tech Lab  
  29  3:49  Barracks Tech Lab  
  29  3:56  SCV x2  
  31  4:03  Marine  
  31  4:08  SCV x2  
  34  4:13  Combat Shield  
  34  4:15  Stimpack  
  33  4:35  SCV x2  
  33  4:36  Marine x2  
  35  4:46  Marauder x2  
  35  4:47  SCV x2  
  39  4:54  Marine x2  
  39  4:59  Starport  
  41  5:09  Engineering Bay  
  41  5:10  Supply Depot  
  41  5:19  SCV x2  
  41  5:21  Marine x4  
  47  5:31  SCV x2  
  47  5:33  Supply Depot  
  49  5:37  Starport Tech Lab  
  49  5:41  Widow Mine x2  
  53  5:53  Terran Infantry Weapons Level 1  
  53  6:00  SCV x2  
  53  6:01  Marine x4  
  53  6:02  Widow Mine x2  
  63  6:08  Supply Depot  
  63  6:12  SCV x2  
  63  6:17  Liberator  
  68  6:19  Marauder  
  68  6:24  Supply Depot  
  70  6:30  Marauder  
  70  6:32  Refinery  
  72  6:33  SCV x2  
  72  6:34  Marine x2, Refinery  
  72  6:38  Supply Depot  
  76  6:40  Marine  
  76  6:45  SCV  
  76  6:46  SCV  
  79  6:47  Supply Depot  
  79  6:51  Marine  
  80  6:59  Marauder  
  82  7:13  SCV x2  
  82  7:14  Marine  
  82  7:15  Marine x2  
  87  7:17  Siege Tank  
  87  7:19  Marine  
  91  7:23  Medivac  
  91  7:25  SCV  
  95  7:33  Marauder  
  96  7:38  Supply Depot, Marauder  
  96  7:40  SCV x2  
  96  7:43  Marine x2  
  102  7:58  Supply Depot  
  102  7:59  Marine x2, Medivac  
  102  8:00  Supply Depot, SCV, Siege Tank  
  107  8:18  Marauder  
  107  8:19  Command Center  
  111  8:20  Marauder  
  111  8:21  Marine x2  
  111  8:25  Medivac  
  115  8:28  Supply Depot  
  115  8:29  Medivac  
  115  8:32  Siege Tank  
  120  8:39  Marine x2  
  120  8:41  Marauder  
  124  8:52  Supply Depot  
  124  8:56  Supply Depot  
  124  8:57  Marauder  
  126  9:04  Siege Tank  
  129  9:10  Marine x3  
  129  9:13  Medivac  
  129  9:14  Medivac  
  136  9:18  Marine  
  136  9:20  Supply Depot  
  136  9:23  Supply Depot  
  137  9:28  Marauder  
  139  9:31  Orbital Command  
  139  9:35  Missile Turret  
  139  9:36  Siege Tank, Marauder  
  144  9:42  Supply Depot  
  144  9:43  Medivac x2  
  144  9:45  Supply Depot  
  148  9:57  Missile Turret  
  148  10:05  Supply Depot  
  148  10:07  Supply Depot  
  148  10:17  Missile Turret  
  148  10:18  Orbital Command  
  148  10:28  Supply Depot  
  138  10:39  Missile Turret  
  136  10:52  Supply Depot  
Tags
 
Matchup
PvT
Replay Pack
DaveSC2
Spawn Locations
Close Positions
Add a new tag
Caveats
  • Supply blocks, unpowered buildings, or Contaminate may cause inaccurate times.
  • Supply counts are checked every 10 seconds.